 Dungeon Crawl Stone Soup version 0.24.0-13-gcf9b319 (webtiles) character file.

Game seed: 1512536694458548171, levelgen mode: deterministic

1730 Madonnatello the Spear-Bearer (level 9, -2/68 (69) HPs)
             Began as a Merfolk Berserker on Apr 24, 2020.
             Was a Priest of Trog.
             Slain by a warg (5 damage)
             ... on level 7 of the Dungeon on Apr 25, 2020.
             The game lasted 01:23:40 (6395 turns).

Madonnatello the Spear-Bearer (Merfolk Berserker)   Turns: 6395, Time: 01:23:40

HP:   -2/68 (69)    AC: 13    Str: 20    XL:     9   Next: 5%
MP:   9/9           EV:  8    Int:  7    God:    Trog [***...]
Gold: 269           SH:  0    Dex: 13    Spells: 8/8 levels left

rFire    . . .     SeeInvis .   K - +0 halberd
rCold    . . .     Gourm    .   (shield currently unavailable)
rNeg     . . .     Faith    .   v - +0 plate armour
rPois    .         Spirit   .   (no helmet)
rElec    +         Reflect  .   w - +0 cloak
rCorr    +         Harm     .   (no gloves)
MR       .....                  (no boots)
Stlth    ..........             (no amulet)
HPRegen  0.21/turn              s - ring of attention
MPRegen  0.11/turn              Q - ring of resist corrosion

@: no status effects
A: change form in water, swift swim, stealthy swim, blurry vision 1, electricity
resistance
a: Berserk, Trog's Hand, Renounce Religion


You were on level 7 of the Dungeon.
You worshipped Trog.
Trog was most pleased with you.
You were not hungry.

You visited 2 branches of the dungeon, and saw 8 of its levels.

You collected 269 gold pieces.

Inventory:

Hand Weapons
 a - a +1 spear
 g - a +0 flail
 i - a +0 trident
 k - a +0 spear
 n - a +0 spear
 x - a +0 halberd
 E - a +0 hunting sling
 H - a +0 falchion
 K - a +0 halberd (weapon)
 N - a +0 falchion of flaming
 V - the +8 war axe of Conscience {antimagic, MR- Dex+4 Stlth+, unknown}
   (You found it on level 5 of the Dungeon)

   It reduces the magical energy of the wielder, and disrupts the spells and
   magical abilities of those hit.
   Natural abilities and divine invocations are not affected.
   It affects your dexterity (+4).
   It affects your resistance to hostile enchantments.
   It makes you more stealthy.
 X - a +2 whip of flaming
 Y - a +3 whip
 Z - a +0 shortbow
Missiles
 j - 98 sling bullets
 l - 157 stones (quivered)
 r - 3 javelins
 I - 67 arrows
 J - 16 poisoned darts
 M - 24 bolts
Armour
 b - a +0 animal skin
 f - a +0 plate armour
 v - a +0 plate armour (worn)
 w - a +0 cloak (worn)
 D - a +1 plate armour
Magical Staves
 m - a cursed staff of earth {unknown}
Jewellery
 s - a ring of attention (left hand)
 Q - a ring of resist corrosion (right hand)
Wands
 h - a wand of paralysis (8)
 C - a wand of polymorph (3)
Scrolls
 d - 5 scrolls of amnesia
 e - a scroll of immolation
 q - a scroll of teleportation
 t - 4 scrolls of identify
 u - a scroll of remove curse
 L - a scroll of magic mapping
 T - 3 scrolls of enchant weapon
Potions
 o - a potion of agility
 p - 2 potions of berserk rage
 F - 3 potions of curing
 S - a potion of cancellation
Comestibles
 c - 16 rations
 z - 3 chunks of flesh


   Skills:
 + Level 5.7 Fighting
 + Level 1.4 Maces & Flails
 + Level 10.4 Polearms
 + Level 1.3 Slings
 + Level 1.4 Bows
 + Level 4.7 Armour
 + Level 4.8 Dodging
 - Level 1.3 Stealth
 - Level 1.4 Unarmed Combat


You had 8 spell levels left.
You didn't know any spells.
Your spell library contained the following spells:

 Spells                   Type           Power        Failure   Level  Hunger
 Confusing Touch          Hex            #.....       100%        1    ##.....
 Confuse                  Hex            #.......     100%        3    ####...
 Gell's Gravitas          Tloc           #.........   100%        3    ####...
 Petrify                  Tmut/Erth      #.......     100%        4    #####..
 Metabolic Englaciation   Hex/Ice        #.........   100%        5    ######.
 Yara's Violent Unravell  Hex/Tmut       #.........   100%        5    ######.


Dungeon Overview and Level Annotations

Branches:
Dungeon (7/15)             Temple (1/1) D:5

Altars:
Dithmenos
Elyvilon
Fedhas
Kikubaaqudgha
Okawaru
Qazlal
Ru
Trog
Vehumet
Wu Jian
Xom
Yredelemnul
Zin
The Shining One

Annotations:
D:6 1 transporter, Samborin's ghost, amateur DrTm


Innate Abilities, Weirdness & Mutations

You revert to your normal form in water.
You are very nimble and swift while swimming.
You are very stealthy in the water. (Stealth+)
Scrolls take you a little longer to read.
You are resistant to electric shocks. (rElec)


Message History

The orc warrior is lightly wounded.
Your plate armour prevents you from hitting the orc warrior.
The orc warrior is lightly wounded.
The orc warrior hits you with a +0 dire flail!
* * * LOW HITPOINT WARNING * * *
Aiming: Polymorph
Press: ? - help, Shift-Dir - straight line, f - orc warrior
Aim: an orc warrior, wielding a +0 dire flail and wearing a +0 chain mail (lightly wounded, chance to defeat MR: 46%)
The orc warrior evaporates and reforms as a warg!
The warg closely misses you. The warg bites you but does no damage.
A hornet zombie comes into view.
The warg closely misses you.
A killer bee comes into view.
The warg bites you.
* * * LOW HITPOINT WARNING * * *
The warg bites you!
* * * LOW HITPOINT WARNING * * *
The warg bites you.
You die...

#...#.#......#.#.######.###.
#.#.......#.################
#.#.#.##..#....)............
#.#.#.##..#.#...#...#...#...
#.#.#.##..#.................
#...#.##..#.#...#...#...#...
#####.....#.....[...........
#.###.#.################ ###
#..@h.Z....##.#.....
###......####.#.....
#.................
#......####.#..... #......#
#.#..... #......# #.#..n.y
#......# #.#.###. #......#
#.#.# #. #......####.#.# #.


You could see a warg and a hornet zombie.

Vanquished Creatures
  A water moccasin (D:6)
  A sky beast (D:7)
  A phantom (D:6)
  A necrophage (D:7)
  A black bear (D:4)
  A centaur (D:5)
  2 bullfrogs
  A water moccasin zombie (D:5)
  2 vampire bats (D:5)
  A howler monkey (D:7)
  5 crimson imps
  A centaur zombie (D:6)
  4 hounds
  A gnoll shaman (D:5)
  An orc priest (D:6)
  An orc wizard (D:6)
  An iguana (D:5)
  Ijyb (D:3)
  5 worker ants
  3 hound skeletons
  A hound zombie (D:5)
  2 worker ant zombies
  7 gnolls
  5 adders
  2 shadow imps
  An adder skeleton (D:6)
  3 worms
  2 dart slugs (D:2)
  2 leopard geckos
  7 orcs
  3 bat skeletons (D:5)
  3 bat zombies (D:5)
  4 giant cockroaches
  4 goblins (D:1)
  7 hobgoblins
  3 jackals
  A ball python (D:2)
  6 bats
  6 frilled lizards
  2 kobolds
  2 leopard gecko skeletons
  4 rats
112 creatures vanquished.

Vanquished Creatures (others)
  5 plants (D:6)
5 creatures vanquished.

Grand Total: 117 creatures vanquished

Notes
Turn   | Place    | Note
-------+----------+-------------------------------------------
     0 | D:1      | Madonnatello the Merfolk Berserker began the quest for the
                  | Orb.
     0 | D:1      | Reached XP level 1. HP: 18/18 MP: 1/1
   142 | D:1      | Reached XP level 2. HP: 24/24 MP: 2/2
   402 | D:1      | Reached skill level 5 in Polearms
   554 | D:2      | Reached XP level 3. HP: 15/30 MP: 3/3
  1097 | D:2      | Found an ornate altar of the Wu Jian Council.
  1100 | D:2      | Found an iron altar of Okawaru.
  1106 | D:2      | Found a shadowy altar of Dithmenos.
  1556 | D:3      | Reached ** piety under Trog
  1584 | D:3      | Found a glowing golden altar of the Shining One.
  1760 | D:3      | Gained mutation: Scrolls take you a little longer to read.
                  | [potion of mutation]
  1760 | D:3      | Gained mutation: You are resistant to electric shocks.
                  | (rElec) [potion of mutation]
  1827 | D:3      | Noticed Ijyb
  1835 | D:2      | Reached skill level 1 in Stealth
  1835 | D:2      | Reached XP level 4. HP: 34/37 MP: 4/4
  1898 | D:3      | Killed Ijyb
  1967 | D:3      | Reached skill level 6 in Polearms
  2273 | D:4      | Reached XP level 5. HP: 42/42 MP: 5/5
  2404 | D:4      | Found a stormy altar of Qazlal.
  2574 | D:4      | Got a bone spear
  2827 | D:4      | Noticed a black bear
  2839 | D:4      | Killed a black bear
  2839 | D:4      | Reached skill level 7 in Polearms
  2839 | D:4      | Reached skill level 1 in Unarmed Combat
  2839 | D:4      | Reached XP level 6. HP: 25/48 MP: 6/6
  3104 | D:5      | Entered Level 5 of the Dungeon
  3179 | D:5      | Found a staircase to the Ecumenical Temple.
  3815 | Temple   | Entered the Ecumenical Temple
  3927 | D:5      | Reached XP level 7. HP: 36/55 MP: 7/7
  4053 | D:5      | Reached skill level 8 in Polearms
  4105 | D:5      | Found an ancient bone altar of Kikubaaqudgha.
  4423 | D:5      | You fall into a shaft and drop 1 floor!
  4753 | D:5      | Reached skill level 9 in Polearms
  4753 | D:5      | Reached XP level 8. HP: 53/61 MP: 8/8
  4801 | D:5      | Got a fine war axe
  4961 | D:6      | Found a white marble altar of Elyvilon.
  5087 | D:6      | Reached skill level 5 in Fighting
  5350 | D:6      | Found a transporter.
  5351 | D:6      | Noticed Samborin's ghost (amateur DrTm)
  5361 | D:6      | Identified the cursed +1 spear of Avun Vuitt {venom, rC+
                  | Str+4 Int+4}
  5698 | D:6      | Reached skill level 10 in Polearms
  5709 | D:6      | Found a blossoming altar of Fedhas.
  5838 | D:6      | Reached *** piety under Trog
  6206 | D:7      | Reached skill level 1 in Maces & Flails
  6206 | D:7      | Reached skill level 1 in Slings
  6206 | D:7      | Reached skill level 1 in Bows
  6257 | D:7      | Found a glowing silver altar of Zin.
  6313 | D:7      | Reached XP level 9. HP: 37/68 MP: 9/9
  6392 | D:7      | HP: 2/68 [warg (8)]
  6395 | D:7      | Slain by a warg

Levels and vault maps discovered:
D:1:      dpeg_arrival_lava_temple_mockup, layout_rooms
D:2:      layout_rooms, minmay_overflow_temple_star_quad, first_ration,
          serial_corexii_hall, corexii_hall_statues_t, corexii_hall_statues_i,
          corexii_hall_statues_x, chequers_hall_statues_y, serial_bayou_lagoon_a
D:3:      layout_basic, nicolae_tso_carved_into_rock, uniq_ijyb
D:4:      black_bear_nest_1, layout_basic, nicolae_qazlal_general_emergency
D:5:      layout_loops_ring, kennysheep_vampire_church,
          minmay_temple_entry_offerings, grunt_ministairs_4, nrook_pool_corridor
D:6:      layout_loops_cross, elyvilon_altar_3, nicolae_overflow_crystal_walls,
          gammafunk_ghost_gnarly_gnolls, minivault_10
D:7:      layout_basic, lemuel_coloured_pillars_altar, basic_altar
Temple:   nicolae_temple_figure_zero

Skill      XL: |  1  2  3  4  5  6  7  8 |
---------------+-------------------------+-----
Polearms       | 5 6 7 9 10 | 10.4
Dodging        | 3 4 |  4.8
Stealth        | 1 |  1.3
Fighting       | 4 5 |  5.7
Armour         | 2 3 4 |  4.7
Unarmed Combat | 1 |  1.4
Maces & Flails | 1 |  1.4
Slings         | 1 |  1.3
Bows           | 1 |  1.4

Action                   |  1- 3 |  4- 6 |  7- 9 || total
-------------------------+-------+-------+-------++-------
Melee: Spear             |   109 |   153 |   306 ||   568
       Unarmed           |     5 |    26 |       ||    31
       Tailslap          |     1 |       |     5 ||     6
       Punch             |       |       |     1 ||     1
       Halberd           |       |       |    69 ||    69
Evoke: Wand              |       |     1 |     1 ||     2
  Use: Scroll            |     7 |     2 |     4 ||    13
       Potion            |     4 |     7 |       ||    11
  Eat: Chunk             |     3 |     4 |     3 ||    10
       Ration            |       |     1 |     2 ||     3
Armor: Robe              |     2 |       |       ||     2
       Animal skin       |     1 |       |       ||     1
       Leather armour    |     8 |       |       ||     8
       Plate armour      |     6 |    88 |   175 ||   269
       Skin              |       |     2 |       ||     2
Dodge: Dodged            |    37 |    71 |   132 ||   240
